 Dungeon Crawl Stone Soup version 0.29.0-4-gdea44cf6ec (webtiles) character file.

Game seed: 4866533038504614482

124275 qw the Severer (level 16, -2/155 HPs)
             Began as a Minotaur Berserker on Sept 8, 2022.
             Was an Elder of Trog.
             Slain by a merfolk
             ... wielding a +0 trident
              (6 damage)
             ... while petrified by a catoblepas
             ... on level 2 of the Shoals.
             The game lasted 00:11:30 (30949 turns).

qw the Severer (Minotaur Berserker)                Turns: 30949, Time: 00:11:31

Health: -2/155     AC: 30    Str: 33    XL:     16   Next: 38%
Magic:  15/15      EV:  2    Int:  4    God:    Trog [****..]
Gold:   492        SH:  0    Dex: 20    Spells: 15/15 levels left

rFire   + . .      SeeInvis +   i - +0 broad axe (elec)
rCold   + . .      Faith    .   u - +0 kite shield
rNeg    + + +      Spirit   .   w - +7 scale mail of a Million Wishes {Str+4}
rPois   inf        Reflect  .   f - +2 hat
rElec   .          Harm     .   e - scarf {rC+ rF+}
rCorr   +          Rampage  .   c - +2 pair of gloves of Cibrioj {Drain rN+ rCorr Dex+9}
Will    +....                   l - +2 pair of boots
Stlth   ..........              (no amulet)
HPRegen 0.35/turn               b - +4 ring of protection
MPRegen 0.14/turn               d - ring of see invisible

@: petrified, on berserk cooldown, mesmerised, slowed
A: horns 2, retaliatory headbutt
a: Renounce Religion, Berserk, Trog's Hand, Brothers in Arms


You were on level 2 of the Shoals.
You worshipped Trog.
Trog was greatly pleased with you.
You visited 4 branches of the dungeon, and saw 24 of its levels.

You collected 2561 gold pieces.
You spent 2069 gold pieces at shops.


Innate Abilities, Weirdness & Mutations

You have a pair of horns on your head.
You reflexively headbutt those who attack you in melee.


   Skills:
 - Level 17.0 Fighting
 - Level 18.0 Axes
 + Level 5.2 Throwing
 - Level 15.0 Armour
 - Level 12.1 Dodging
 - Level 16.0 Shields


You had 15 spell levels left.
You didn't know any spells.
Your spell library was empty.

Inventory:

Hand Weapons
 i - a +0 broad axe of electrocution (weapon)
 Y - a +5 war axe of flaming
Missiles
 m - 9 boomerangs
 t - a silver boomerang (quivered)
Armour
 c - the +2 pair of gloves of Cibrioj (worn) {Drain rN+ rCorr Dex+9}
   (You acquired it on level 3 of the Lair of Beasts)

   Dex:       It affects your dexterity (+9).
   rN:        It protects you from negative energy.
   rCorr:     It protects you from acid and corrosion.
   Drain:     It drains your maximum health when unequipped.
 e - a scarf of resistance (worn)
 f - a +2 hat (worn)
 k - the +1 pair of gloves "Pecs" {rPois Int-2 Dex+4}
   (You acquired it on level 4 of the Dungeon)

   Int:       It affects your intelligence (-2).
   Dex:       It affects your dexterity (+4).
   rPois:     It protects you from poison.
 l - a +2 pair of boots (worn)
 u - a +0 kite shield (worn)
 v - a +1 cloak
 w - the +7 scale mail of a Million Wishes (worn) {Str+4}
   (You found it on level 14 of the Dungeon)

   Str:       It affects your strength (+4).
Jewellery
 b - a +4 ring of protection (left hand)
 d - a ring of see invisible (right hand)
 n - a +4 ring of evasion
 o - a ring of protection from fire
 x - a ring of protection from fire
 A - an amulet of guardian spirit
Scrolls
 r - 9 scrolls of identify
 y - a scroll of enchant armour
 z - a scroll of teleportation
Potions
 a - 9 potions of heal wounds
 g - 2 potions of haste
 h - 10 potions of curing
 j - 2 potions of might
 p - a potion of resistance
 q - a potion of cancellation
 s - 2 potions of mutation

Dungeon Overview and Level Annotations

Branches:
Dungeon (15/15)            Temple (0/1) D:4            Lair (5/5) D:9
 Shoals (2/4) Lair:3        Snake (0/4) Lair:3        Slime (0/5) Lair:5
    Orc (2/2) D:9             Elf (0/3) Orc:2        Vaults (0/5) D:14
 Depths (0/4) D:15

Altars:
Ashenzari
Cheibriados
Dithmenos
Fedhas
Xom
Yredelemnul
Lugonu

Shops:
D:4 [   D:10 *   Orc:2 (=!*

Portals:
Abyss: Lair:1

Annotations:
D:12 3 runed translucent doors, Aletuw's ghost, journeyman DsVM
Shoals:2 Polyphemus


Message History

You are engulfed in calcifying dust.
The merfolk shouts!
The merfolk siren hits you but does no damage.
The death yak is engulfed in calcifying dust.
The death yak stops moving altogether!
The catoblepas gores you!!
The death yak gores you but does no damage.
Polyphemus throws the death yak at you! The death yak gores you!
You are engulfed in calcifying dust.
The merfolk throws a boomerang.
The boomerang hits you but does no damage.
The merfolk siren hits you from afar with a +0 spear.
The catoblepas gores you but does no damage.
The death yak barely misses you.
The death yak is engulfed in calcifying dust.
Polyphemus hits you!! Polyphemus hits you but does no damage.
The death yak gores you but does no damage.
You are engulfed in calcifying dust.
The merfolk siren hits you from afar with a +0 spear.
The catoblepas breathes a plume of calcifying dust at you.
The blast of calcifying dust hits you!
The blast of calcifying dust hits the death yak!
The death yak is engulfed in calcifying dust.
Polyphemus hits you but does no damage. x2; The death yak gores you!
The death yak gores you but does no damage.
The merfolk siren chants a haunting song.
You are mesmerised by the merfolk siren!
The catoblepas gores you!
The death yak is engulfed in calcifying dust.
The death yak gores you but does no damage. x2
The merfolk siren hits you but does no damage.
The death yak completely misses you. The catoblepas gores you!!
Polyphemus barely misses you. Polyphemus hits you but does no damage.
The death yak gores you.
The merfolk hits you from afar with a +0 trident!
The merfolk siren chants its luring song.
The catoblepas gores you!!
The death yak gores you but does no damage.
Polyphemus hits you!! Polyphemus hits you but does no damage.
The death yak gores you but does no damage.
The merfolk hits you from afar with a +0 trident!
You die...

~~~~. ~~...~
..~~P~P #.~..~~
(..~~~P .##.~~~~~
....~PP ....~~¤.##
...PP~P
~.~~~~...##.....~~
~~~~~~~.¤#).m~~~~~
~~~~~~~~%YC)~~~~~~
~~~~~~~..?@.m~~.~~
~~~~~~~..YYY..~~~~
~~~~~~~~......~~~~
~~~~~~~~...#.~~~~~
~~~~~~~.~~....~~..
~~~~~~~~~~~<..~~.#
~~~~~~~~~~~~~~~~>#
~~~~~~~~~~~~~~~~.#
~~~~~~~~~~~~~~~.


You could see Polyphemus, 3 death yaks, a catoblepas, a merfolk and a merfolk
siren (mesmerising).

Vanquished Creatures
  Jorgrun (D:15)
  Frances (D:12)
  Gastronok (Orc:1)
  A merfolk impaler (Shoals:2)
  An ettin (Orc:1)
  Josephine (D:12)
  2 great orbs of eyes
  A merfolk javelineer (Shoals:2)
  Fannar (D:12)
  7 hydras
  3 boulder beetles
  A catoblepas (D:15)
  7 centaur warriors
  2 merfolk avatars (Shoals:1)
  2 two-headed ogres
  A tengu warrior (D:14)
  10 death yaks
  Nergalle (Lair:2)
  A shock serpent (shapeshifter) (D:15)
  An orc high priest (Orc:1)
  A fire crab (D:13)
  A sea snake (Shoals:2)
  Amaemon (Lair:1)
  An iron troll (D:14)
  3 orc knights
  A wizard (D:14)
  3 deep elf pyromancers
  9 harpies (Shoals:1)
  A deep elf zephyrmancer (D:14)
  A lindwurm (D:14)
  A phantasmal warrior (D:14)
  A wolf spider (Lair:5)
  2 orc sorcerers
  A salamander (D:15)
  4 ugly things (D:14)
  3 cyclopes
  11 manticores
  A guardian serpent (Lair:5)
  An oklob plant (Lair:5)
  3 water nymphs (Shoals:1)
  3 fauns (Shoals:1)
  A torpor snail (Lair:4)
  2 merfolk sirens (Shoals:1)
  23 elephants
  6 black mambas (Lair:5)
  21 cane toads
  2 gargoyles
  An orange demon (Lair:1)
  An unseen horror (D:10)
  2 kobold demonologists (D:10)
  2 rime drakes
  An efreet (D:15)
  8 trolls
  9 komodo dragons
  A polar bear (shapeshifter) (D:13)
  4 merfolk (Shoals:1)
  A wind drake (Lair:3)
  2 polar bears
  4 hornets
  4 blink frogs (Lair:5)
  A wind drake (shapeshifter) (D:14)
  2 snapping turtles
  9 slime creatures
  Prince Ribbit (D:9)
  5 dream sheep (Lair:5)
  2 centaur simulacra (D:14)
  3 shadows
  54 yaks
  7 wraiths
  14 wyverns
  Grum (D:9)
  A redback (Lair:5)
  3 water elementals
  10 vampire mosquitoes
  6 basilisks
  A steam dragon (D:6)
  A warg (D:15)
  2 acid dragons
  29 water moccasins
  4 black bears
  A meliai simulacrum (D:15)
  30 orc warriors
  4 wolves (D:9)
  3 ogres
  33 centaurs
  2 phantoms (D:6)
  A necrophage (D:6)
  12 bullfrogs
  3 kobold brigands
  2 gnoll sergeants
  3 scorpions
  9 wights
  22 killer bees
  2 electric eels (D:15)
  A howler monkey (D:8)
  3 hounds
  10 orc priests
  5 jellies
  4 iguanas
  15 orc wizards
  2 mummies
  10 gnolls
  6 adders
  3 worms
  4 dart slugs
  51 orcs
  12 endoplasms
  6 giant cockroaches
  9 hobgoblins
  2 jackals (D:3)
  25 kobolds
  3 quokkas
  4 ball pythons
  A bat (D:2)
  2 frilled lizards
  8 goblins
  A hobgoblin zombie (D:8)
  An orc zombie (D:8)
  9 rats
  A lurking horror (Lair:1)
675 creatures vanquished.

Vanquished Creatures (collateral kills)
  A boulder beetle (D:10)
  A hydra (D:11)
  2 orc knights (Orc:2)
  2 ugly things (D:14)
  3 orc warriors (Orc:2)
  An orc (Orc:2)
10 creatures vanquished.

Vanquished Creatures (others)
  Ilsuiw (Shoals:2)
  A harpy (Shoals:1)
  A centaur (Orc:2)
  2 orcs
  A bush (Lair:5)
  47 fungi
  75 plants
128 creatures vanquished.

Grand Total: 813 creatures vanquished

Notes
Turn   | Place    | Note
-------+----------+-------------------------------------------
     0 | D:1      | qw the Minotaur Berserker began the quest for the Orb.
     0 | D:1      | Reached XP level 1. HP: 19/19 MP: 0/0
     0 | D:1      | 0 ||| qw: Version: 0.1-a-111-g1c1fd2e
     0 | D:1      | 0 ||| qw: Game counter: 6615
     0 | D:1      | 0 ||| qw: Always use a shield: true
     0 | D:1      | 0 ||| qw: Do Orc after D:15 true
     0 | D:1      | 0 ||| qw: Do second Lair branch before Depths: true
     0 | D:1      | 0 ||| qw: Lair rune preference: random
     0 | D:1      | 0 ||| qw: Plans: Normal
     0 | D:1      | 0 ||| PLANNING D:1-11
    51 | D:1      | Reached skill level 4 in Axes
   103 | D:1      | 103 ||| Stepping ~*~*~tactically~*~*~ (stealth).
   110 | D:1      | Reached XP level 2. HP: 24/26 MP: 1/1
   352 | D:1      | 352 ||| Stepping ~*~*~tactically~*~*~ (stealth).
   406 | D:1      | 406 ||| Stepping ~*~*~tactically~*~*~ (stealth).
   407 | D:1      | 407 ||| Stepping ~*~*~tactically~*~*~ (stealth).
   614 | D:1      | Reached skill level 5 in Axes
   638 | D:1      | Reached XP level 3. HP: 29/31 MP: 2/2
   960 | D:1      | Reached ** piety under Trog
  1074 | D:1      | 1074 ||| Stepping ~*~*~tactically~*~*~ (stealth).
  1136 | D:1      | 1136 ||| UPGRADING to +0 leather armour.
  1146 | D:1      | 1146 ||| DROPPING +0 animal skin.
  1147 | D:1      | 1147 ||| READING scroll labelled OXABBAIZOA.
  1248 | D:1      | 1248 ||| READING 2 scrolls labelled DAUKLECL CIAD.
  1249 | D:1      | 1249 ||| READING scroll labelled QACULI VOULICVO.
  1250 | D:1      | 1250 ||| READING scroll labelled AKYW TIONGIDOKHUL.
  1251 | D:1      | 1251 ||| DROPPING scroll of fear.
  1450 | D:2      | Found a faded altar of an unknown god.
  1564 | D:2      | 1564 ||| INVOKING Berserk.
  1789 | D:2      | 1789 ||| DROPPING +1 whip of pain.
  1976 | D:2      | 1976 ||| DROPPING +0 club.
  1985 | D:2      | Reached skill level 6 in Axes
  1985 | D:2      | Reached XP level 4. HP: 39/39 MP: 3/3
  2111 | D:2      | 2111 ||| FLEEEEING.
  2114 | D:2      | 2114 ||| FLEEEEING.
  2115 | D:2      | 2115 ||| FLEEEEING.
  2204 | D:2      | 2204 ||| Stepping ~*~*~tactically~*~*~ (stealth).
  2205 | D:2      | 2205 ||| Stepping ~*~*~tactically~*~*~ (stealth).
  2308 | D:2      | 2308 ||| DRINKING 2 dark potions.
  2733 | D:3      | 2733 ||| Stepping ~*~*~tactically~*~*~ (stealth).
  3047 | D:3      | 3047 ||| UPGRADING to +0 pair of boots.
  3052 | D:3      | 3052 ||| UPGRADING to +0 scale mail.
  3062 | D:3      | 3062 ||| DROPPING +0 leather armour.
  3063 | D:3      | 3063 ||| READING scroll labelled RACOAV RENWUM.
  3064 | D:3      | 3064 ||| READING scroll labelled METTAR BALOZILU.
  3064 | D:3      | Identified a scroll of acquirement
  3064 | D:3      | 3064 ||| ACQUIRING +2 hat
  3064 | D:3      | Acquired a +2 hat
  3066 | D:3      | 3066 ||| UPGRADING to +2 hat.
  3071 | D:3      | 3071 ||| READING scroll labelled ZIUPTA SUUTATU.
  3110 | D:4      | 3110 ||| STAIRDANCE
  3164 | D:4      | 3164 ||| READING scroll of acquirement.
  3164 | D:4      | 3164 ||| ACQUIRING +1 pair of gloves "Pecs" {rPois Int-2
                  | Dex+4}
  3164 | D:4      | Acquired the +1 pair of gloves "Pecs" {rPois Int-2 Dex+4}
  3166 | D:4      | 3166 ||| UPGRADING to +1 pair of gloves "Pecs" {rPois Int-2
                  | Dex+4}.
  3192 | D:4      | 3192 ||| Stepping ~*~*~tactically~*~*~ (stealth).
  3196 | D:4      | Reached *** piety under Trog
  3214 | D:4      | 3214 ||| INVOKING Berserk.
  3217 | D:4      | Reached XP level 5. HP: 45/45 MP: 4/4
  3383 | D:4      | Reached skill level 7 in Axes
  3416 | D:4      | Found Yklanir's Armour Shop.
  3424 | D:4      | 3424 ||| BUYING +0 chain mail (63 gold).
  3424 | D:4      | Bought a +0 chain mail for 63 gold pieces
  3424 | D:4      | 3424 ||| SHOPLISTING +2 plate armour of poison resistance
                  | (518 gold, have 53).
  3424 | D:4      | 3424 ||| UPGRADING to +0 chain mail.
  3434 | D:4      | 3434 ||| DROPPING +0 scale mail.
  3445 | D:4      | Found a staircase to the Ecumenical Temple.
  3446 | D:4      | 3446 ||| INVOKING Berserk.
  3557 | D:4      | 3557 ||| DROPPING +0 whip.
  3825 | D:4      | 3825 ||| READING scroll labelled VIBBUU BIECH.
  3826 | D:4      | 3826 ||| DRINKING 2 metallic green potions.
  3842 | D:5      | Entered Level 5 of the Dungeon
  3852 | D:5      | Noticed a centaur
  3855 | D:5      | Killed a centaur
  3856 | D:5      | Reached skill level 8 in Axes
  3856 | D:5      | Reached XP level 6. HP: 45/52 MP: 5/5
  3868 | D:5      | 3868 ||| Stepping ~*~*~tactically~*~*~ (stealth).
  3894 | D:5      | 3894 ||| Stepping ~*~*~tactically~*~*~ (stealth).
  3896 | D:5      | 3896 ||| Stepping ~*~*~tactically~*~*~ (stealth).
  3898 | D:5      | 3898 ||| Stepping ~*~*~tactically~*~*~ (stealth).
  3901 | D:5      | 3901 ||| Stepping ~*~*~tactically~*~*~ (stealth).
  3906 | D:5      | 3906 ||| Stepping ~*~*~tactically~*~*~ (stealth).
  3935 | D:5      | 3935 ||| INVOKING Berserk.
  3938 | D:5      | Reached skill level 3 in Armour
  4044 | D:5      | Found a broken altar of Ashenzari.
  4056 | D:5      | 4056 ||| SWAPPING to +0 war axe.
  4061 | D:5      | 4061 ||| DROPPING +0 hand axe.
  4154 | D:5      | Reached XP level 7. HP: 42/59 MP: 6/6
  4250 | D:5      | 4250 ||| Stepping ~*~*~tactically~*~*~ (stealth).
  4252 | D:5      | 4252 ||| Stepping ~*~*~tactically~*~*~ (stealth).
  4259 | D:5      | Reached skill level 9 in Axes
  4632 | D:5      | Identified the +4 trident "Idau" {venom, Fly}
  4637 | D:5      | 4637 ||| Stepping ~*~*~tactically~*~*~ (hiding).
  4882 | D:5      | 4882 ||| READING scroll labelled AXAZEJUA PIEXOU.
  4883 | D:5      | 4883 ||| READING scroll labelled LOEMNA HUMUCI.
  4884 | D:5      | 4884 ||| DRINKING 2 clear potions.
  4994 | D:6      | Noticed a troll
  4995 | D:6      | Noticed a steam dragon
  4996 | D:6      | 4996 ||| Stepping ~*~*~tactically~*~*~ (hiding).
  4999 | D:6      | 4999 ||| INVOKING Berserk.
  5010 | D:6      | Killed a steam dragon
  5011 | D:6      | Reached skill level 10 in Axes
  5015 | D:6      | Reached skill level 1 in Throwing
  5015 | D:6      | Reached XP level 8. HP: 68/68 MP: 7/7
  5022 | D:6      | Killed a troll
  5276 | D:6      | Noticed a troll
  5280 | D:6      | 5280 ||| INVOKING Berserk.
  5285 | D:6      | Killed a troll
  5286 | D:6      | Reached skill level 6 in Fighting
  5399 | D:6      | 5399 ||| INVOKING Berserk.
  5642 | D:6      | Reached skill level 11 in Axes
  5812 | D:6      | Reached skill level 3 in Dodging
  5953 | D:6      | 5953 ||| UPGRADING to +4 ring of protection.
  5954 | D:6      | 5954 ||| DRINKING 2 amethyst potions.
  5955 | D:6      | 5955 ||| DRINKING 2 sapphire potions.
  5956 | D:6      | 5956 ||| READING 2 scrolls of identify.
  5956 | D:6      | 5956 ||| IDENTIFYING brown potion
  5957 | D:6      | 5957 ||| DROPPING potion of magic.
  5958 | D:6      | 5958 ||| DROPPING potion of degeneration.
  5959 | D:6      | 5959 ||| DROPPING potion of flight.
  6089 | D:7      | 6089 ||| INVOKING Berserk.
  6119 | D:7      | Reached XP level 9. HP: 52/78 MP: 8/8
  6278 | D:7      | 6278 ||| Stepping ~*~*~tactically~*~*~ (stealth).
  6493 | D:7      | Found a shimmering altar of Xom.
  6493 | D:7      | Found a basalt altar of Yredelemnul.
  6493 | D:7      | Found a blossoming altar of Fedhas.
  6615 | D:7      | Reached skill level 12 in Axes
  6871 | D:7      | Reached **** piety under Trog
  6917 | D:7      | 6917 ||| Stepping ~*~*~tactically~*~*~ (stealth).
  7090 | D:7      | 7090 ||| UPGRADING to +0 plate armour.
  7100 | D:7      | 7100 ||| DROPPING +0 chain mail.
  7101 | D:7      | 7101 ||| UPGRADING to +0 kite shield.
  7106 | D:7      | 7106 ||| UPGRADING to +0 cloak.
  7111 | D:7      | 7111 ||| READING scroll labelled RIDWEKHLOVIT.
  7112 | D:7      | 7112 ||| READING 3 scrolls labelled SATUGI QINI.
  7113 | D:7      | 7113 ||| READING 2 scrolls of enchant weapon.
  7113 | D:7      | 7113 ||| ENCHANTING +1 war axe.
  7114 | D:7      | 7114 ||| READING scroll of enchant weapon.
  7114 | D:7      | 7114 ||| ENCHANTING +2 war axe.
  7115 | D:7      | 7115 ||| READING scroll labelled KEROAD PYESCHATI.
  7169 | D:8      | 7169 ||| PLANNING OSSUARY
  7174 | D:8      | 7174 ||| READING scroll of enchant armour.
  7174 | D:8      | 7174 ||| ENCHANTING +0 pair of boots.
  7237 | D:8      | 7237 ||| Stepping ~*~*~tactically~*~*~ (stealth).
  7254 | D:8      | Reached skill level 1 in Shields
  7341 | D:8      | Reached skill level 3 in Shields
  7428 | D:8      | Found a shadowy altar of Dithmenos.
  7452 | D:8      | 7452 ||| Stepping ~*~*~tactically~*~*~ (stealth).
  7457 | D:8      | 7457 ||| INVOKING Berserk.
  7565 | D:8      | 7565 ||| READING scroll of enchant armour.
  7565 | D:8      | 7565 ||| ENCHANTING +1 pair of boots.
  7586 | D:8      | 7586 ||| Stepping ~*~*~tactically~*~*~ (stealth).
  7838 | D:8      | 7838 ||| RIP OSSUARY
  7861 | D:8      | 7861 ||| PLANNING D:1-11
  7974 | D:8      | 7974 ||| INVOKING Berserk.
  7979 | D:8      | Reached skill level 6 in Shields
  8479 | D:8      | 8479 ||| READING scroll labelled DAUNOMOMPEOTO.
  8480 | D:8      | 8480 ||| READING 2 scrolls of identify.
  8480 | D:8      | 8480 ||| IDENTIFYING sedimented golden potion
  8481 | D:8      | 8481 ||| DROPPING potion of brilliance.
  8514 | D:9      | Noticed Prince Ribbit
  8515 | D:9      | 8515 ||| INVOKING Berserk.
  8524 | D:9      | Killed Prince Ribbit
  8655 | D:9      | 8655 ||| READING scroll of enchant armour.
  8655 | D:9      | 8655 ||| ENCHANTING +0 cloak.
  8682 | D:9      | 8682 ||| Stepping ~*~*~tactically~*~*~ (stealth).
  8716 | D:9      | 8716 ||| FLEEEEING.
  8717 | D:9      | 8717 ||| FLEEEEING.
  8718 | D:9      | 8718 ||| FLEEEEING.
  8719 | D:9      | 8719 ||| FLEEEEING.
  8721 | D:9      | 8721 ||| FLEEEEING.
  8722 | D:9      | 8722 ||| FLEEEEING.
  8723 | D:9      | 8723 ||| FLEEEEING.
  8724 | D:9      | 8724 ||| FLEEEEING.
  8725 | D:9      | 8725 ||| FLEEEEING.
  8726 | D:9      | 8726 ||| FLEEEEING.
  8727 | D:9      | 8727 ||| STAIRDANCE
  8794 | D:9      | 8794 ||| INVOKING Berserk.
  8802 | D:9      | 8802 ||| STAIRDANCE
  8926 | D:9      | Noticed Grum
  8927 | D:9      | Reached XP level 10. HP: 77/86 MP: 9/9
  8929 | D:9      | 8929 ||| INVOKING Berserk.
  8931 | D:9      | Reached skill level 6 in Armour
  8939 | D:9      | Reached skill level 9 in Shields
  8941 | D:9      | Killed Grum
  8959 | D:9      | HP: 16/86 [acid dragon/splash of acid (13)]
  8960 | D:9      | 8960 ||| DRINKING 3 potions of heal wounds.
  8961 | D:9      | Found a staircase to the Orcish Mines.
  9300 | D:9      | Found a staircase to the Lair.
  9395 | D:9      | Reached skill level 13 in Axes
  9460 | D:9      | 9460 ||| Stepping ~*~*~tactically~*~*~ (stealth).
  9465 | D:9      | 9465 ||| Stepping ~*~*~tactically~*~*~ (stealth).
  9733 | D:9      | 9733 ||| PLANNING LAIR
  9733 | D:9      | 9733 ||| READING 3 scrolls of identify.
  9733 | D:9      | 9733 ||| IDENTIFYING pink potion
  9734 | D:9      | 9734 ||| READING 2 scrolls of identify.
  9734 | D:9      | 9734 ||| IDENTIFYING bubbling emerald potion
  9735 | D:9      | 9735 ||| DROPPING potion of berserk rage.
  9736 | D:9      | 9736 ||| DROPPING potion of invisibility.
  9763 | Lair:1   | Entered Level 1 of the Lair of Beasts
  9764 | Lair:1   | Found a corrupted altar of Lugonu.
  9765 | Lair:1   | Found a one-way gate to the infinite horrors of the Abyss.
 10147 | Lair:1   | Reached skill level 14 in Axes
 10284 | Lair:1   | Noticed Amaemon
 10284 | Lair:1   | Noticed an orange demon
 10285 | Lair:1   | 10285 ||| Stepping ~*~*~tactically~*~*~ (hiding).
 10286 | Lair:1   | 10286 ||| Stepping ~*~*~tactically~*~*~ (hiding).
 10289 | Lair:1   | 10289 ||| INVOKING Berserk.
 10295 | Lair:1   | Killed Amaemon
 10303 | Lair:1   | Killed an orange demon
 10426 | Lair:1   | 10426 ||| DROPPING +0 flail.
 10500 | Lair:1   | Noticed a four-headed hydra
 10501 | Lair:1   | 10501 ||| INVOKING Brothers in Arms.
 10505 | Lair:1   | 10505 ||| SWAPPING to -2 demon whip of venom.
 10506 | Lair:1   | 10506 ||| INVOKING Berserk.
 10511 | Lair:1   | Killed a four-headed hydra
 10512 | Lair:1   | Reached XP level 11. HP: 94/94 MP: 10/10
 10520 | Lair:1   | 10520 ||| SWAPPING to +3 war axe.
 10626 | Lair:1   | Identified the +1 chain mail of Conscience {Rampage rF-
                  | Stlth+}
 10685 | Lair:1   | 10685 ||| Stepping ~*~*~tactically~*~*~ (stealth).
 11050 | Lair:1   | 11050 ||| UPGRADING to scarf of resistance.
 11060 | Lair:1   | 11060 ||| DROPPING +1 chain mail of Conscience {Rampage rF-
                  | Stlth+}.
 11074 | Lair:2   | 11074 ||| PLANNING GAUNTLET
 11181 | Lair:2   | 11181 ||| Stepping ~*~*~tactically~*~*~ (hiding).
 11183 | Lair:2   | 11183 ||| Stepping ~*~*~tactically~*~*~ (hiding).
 11184 | Lair:2   | 11184 ||| Stepping ~*~*~tactically~*~*~ (hiding).
 11196 | Lair:2   | Reached skill level 15 in Axes
 11260 | Lair:2   | 11260 ||| INVOKING Berserk.
 11339 | Lair:2   | 11339 ||| Stepping ~*~*~tactically~*~*~ (stealth).
 11355 | Lair:2   | Reached skill level 9 in Fighting
 11368 | Lair:2   | 11368 ||| Stepping ~*~*~tactically~*~*~ (stealth).
 11371 | Lair:2   | 11371 ||| Stepping ~*~*~tactically~*~*~ (stealth).
 11377 | Lair:2   | 11377 ||| Stepping ~*~*~tactically~*~*~ (stealth).
 11382 | Lair:2   | 11382 ||| Stepping ~*~*~tactically~*~*~ (water).
 11383 | Lair:2   | 11383 ||| Stepping ~*~*~tactically~*~*~ (water).
 11394 | Lair:2   | 11394 ||| INVOKING Berserk.
 11444 | Lair:2   | 11444 ||| Stepping ~*~*~tactically~*~*~ (stealth).
 11445 | Lair:2   | 11445 ||| Stepping ~*~*~tactically~*~*~ (stealth).
 11510 | Lair:2   | Reached skill level 16 in Axes
 11577 | Lair:2   | 11577 ||| RIP GAUNTLET
 11606 | Lair:2   | 11606 ||| PLANNING LAIR
 11716 | Lair:2   | Noticed a six-headed hydra
 11717 | Lair:2   | 11717 ||| INVOKING Brothers in Arms.
 11719 | Lair:2   | 11719 ||| SWAPPING to -2 demon whip of venom.
 11721 | Lair:2   | 11721 ||| INVOKING Berserk.
 11728 | Lair:2   | Killed a six-headed hydra
 11749 | Lair:2   | 11749 ||| SWAPPING to +3 war axe.
 11871 | Lair:2   | 11871 ||| INVOKING Berserk.
 12000 | Lair:2   | Noticed Nergalle
 12002 | Lair:2   | Noticed a spectral orc warlord
 12002 | Lair:2   | 12002 ||| Stepping ~*~*~tactically~*~*~ (water).
 12008 | Lair:2   | 12008 ||| INVOKING Berserk.
 12014 | Lair:2   | HP: 33/139 [spectral orc knight/+1 long sword[Nergalle]
                  | (12)]
 12020 | Lair:2   | HP: 17/138 [spectral orc knight/+1 long sword[Nergalle]
                  | (10)]
 12023 | Lair:2   | Killed Nergalle
 12428 | Lair:2   | 12428 ||| INVOKING Berserk.
 12628 | Lair:2   | 12628 ||| INVOKING Berserk.
 12824 | Lair:2   | Noticed a boulder beetle
 12829 | Lair:2   | 12829 ||| INVOKING Berserk.
 12838 | Lair:2   | Killed a boulder beetle
 12839 | Lair:2   | Reached skill level 9 in Armour
 12839 | Lair:2   | Reached XP level 12. HP: 106/106 MP: 11/11
 12854 | Lair:2   | 12854 ||| Stepping ~*~*~tactically~*~*~ (stealth).
 12858 | Lair:2   | 12858 ||| FLEEEEING.
 12859 | Lair:2   | 12859 ||| FLEEEEING.
 12860 | Lair:2   | 12860 ||| FLEEEEING.
 12861 | Lair:2   | 12861 ||| FLEEEEING.
 12862 | Lair:2   | 12862 ||| FLEEEEING.
 12863 | Lair:2   | 12863 ||| FLEEEEING.
 12864 | Lair:2   | 12864 ||| FLEEEEING.
 12865 | Lair:2   | 12865 ||| FLEEEEING.
 12869 | Lair:2   | 12869 ||| INVOKING Berserk.
 13545 | Lair:2   | 13545 ||| UPGRADING to ring of willpower.
 13546 | Lair:2   | 13546 ||| READING 2 scrolls of identify.
 13546 | Lair:2   | 13546 ||| IDENTIFYING puce potion
 13547 | Lair:2   | 13547 ||| DRINKING potion of experience.
 13547 | Lair:2   | Reached XP level 13. HP: 113/113 MP: 12/12
 13563 | Lair:3   | Found a staircase to the Shoals.
 13564 | Lair:3   | 13564 ||| Stepping ~*~*~tactically~*~*~ (hiding).
 13566 | Lair:3   | 13566 ||| INVOKING Berserk.
 13806 | Lair:3   | Identified the +4 scale mail of Qestro {Harm rN++ Str+3
                  | Stlth-}
 13930 | Lair:3   | 13930 ||| Stepping ~*~*~tactically~*~*~ (hiding).
 14212 | Lair:3   | 14212 ||| READING scroll of acquirement.
 14212 | Lair:3   | 14212 ||| ACQUIRING +2 pair of gloves of Cibrioj {Drain rN+
                  | rCorr Dex+9}
 14212 | Lair:3   | Acquired the +2 pair of gloves of Cibrioj {Drain rN+ rCorr
                  | Dex+9}
 14214 | Lair:3   | 14214 ||| UPGRADING to +2 pair of gloves of Cibrioj {Drain
                  | rN+ rCorr Dex+9}.
 14227 | Lair:3   | Found a staircase to the Snake Pit.
 14284 | Lair:3   | 14284 ||| Stepping ~*~*~tactically~*~*~ (stealth).
 14438 | Lair:3   | 14438 ||| INVOKING Berserk.
 14443 | Lair:3   | Reached skill level 6 in Dodging
 14584 | Lair:3   | 14584 ||| INVOKING Berserk.
 14771 | Lair:3   | 14771 ||| READING scroll of enchant weapon.
 14771 | Lair:3   | 14771 ||| ENCHANTING +3 war axe.
 15144 | Lair:3   | 15144 ||| READING 4 scrolls of identify.
 15144 | Lair:3   | 15144 ||| IDENTIFYING green potion
 15145 | Lair:3   | 15145 ||| READING 3 scrolls of identify.
 15145 | Lair:3   | 15145 ||| IDENTIFYING fuming brown potion
 15146 | Lair:3   | 15146 ||| READING 2 scrolls of identify.
 15146 | Lair:3   | 15146 ||| IDENTIFYING purple potion
 15147 | Lair:3   | 15147 ||| DROPPING potion of lignification.
 15148 | Lair:3   | 15148 ||| DROPPING potion of attraction.
 15235 | Lair:4   | 15235 ||| STAIRDANCE
 15276 | Lair:4   | 15276 ||| INVOKING Berserk.
 15288 | Lair:4   | 15288 ||| STAIRDANCE
 15427 | Lair:4   | 15427 ||| INVOKING Berserk.
 15437 | Lair:4   | Reached skill level 12 in Fighting
 15485 | Lair:4   | 15485 ||| Stepping ~*~*~tactically~*~*~ (stealth).
 15487 | Lair:4   | 15487 ||| Stepping ~*~*~tactically~*~*~ (stealth).
 15488 | Lair:4   | 15488 ||| Stepping ~*~*~tactically~*~*~ (stealth).
 15518 | Lair:4   | 15518 ||| FLEEEEING.
 15519 | Lair:4   | 15519 ||| FLEEEEING.
 15520 | Lair:4   | 15520 ||| FLEEEEING.
 15521 | Lair:4   | 15521 ||| FLEEEEING.
 15522 | Lair:4   | 15522 ||| FLEEEEING.
 15523 | Lair:4   | 15523 ||| FLEEEEING.
 15524 | Lair:4   | 15524 ||| FLEEEEING.
 15525 | Lair:4   | 15525 ||| FLEEEEING.
 15526 | Lair:4   | 15526 ||| FLEEEEING.
 15527 | Lair:4   | 15527 ||| FLEEEEING.
 15738 | Lair:4   | 15738 ||| INVOKING Berserk.
 16308 | Lair:4   | 16308 ||| DROPPING amulet of faith.
 16309 | Lair:4   | 16309 ||| READING scroll labelled VAUKHU MAZAOBB.
 16310 | Lair:4   | 16310 ||| READING scroll labelled FEAZ ES FAUTA.
 16314 | Lair:4   | 16314 ||| READING 5 scrolls of identify.
 16314 | Lair:4   | 16314 ||| IDENTIFYING sedimented cyan potion
 16315 | Lair:4   | 16315 ||| READING 4 scrolls of identify.
 16315 | Lair:4   | 16315 ||| IDENTIFYING golden potion
 16316 | Lair:4   | 16316 ||| READING 3 scrolls of identify.
 16316 | Lair:4   | 16316 ||| IDENTIFYING silvery potion
 16338 | Lair:5   | Entered Level 5 of the Lair of Beasts
 16338 | Lair:5   | Found a staircase to the Slime Pits.
 16339 | Lair:5   | 16339 ||| INVOKING Berserk.
 16342 | Lair:5   | 16342 ||| STAIRDANCE
 16449 | Lair:5   | 16449 ||| STAIRDANCE
 16451 | Lair:4   | 16451 ||| INVOKING Berserk.
 16562 | Lair:5   | 16562 ||| STAIRDANCE
 16735 | Lair:5   | 16735 ||| STAIRDANCE
 16768 | Lair:5   | 16768 ||| FLEEEEING.
 16769 | Lair:5   | 16769 ||| FLEEEEING.
 16770 | Lair:5   | 16770 ||| STAIRDANCE
 16801 | Lair:5   | 16801 ||| INVOKING Berserk.
 16919 | Lair:5   | 16919 ||| INVOKING Brothers in Arms.
 16924 | Lair:5   | 16924 ||| SWAPPING to -2 demon whip of venom.
 16926 | Lair:5   | 16926 ||| INVOKING Berserk.
 16933 | Lair:5   | 16933 ||| SWAPPING to +4 war axe.
 17098 | Lair:5   | 17098 ||| Stepping ~*~*~tactically~*~*~ (hiding).
 17167 | Lair:5   | 17167 ||| INVOKING Berserk.
 17290 | Lair:5   | 17290 ||| INVOKING Berserk.
 17291 | Lair:5   | Reached skill level 12 in Armour
 17295 | Lair:5   | Reached XP level 14. HP: 80/129 MP: 13/13
 17312 | Lair:5   | 17312 ||| Stepping ~*~*~tactically~*~*~ (stealth).
 17342 | Lair:5   | 17342 ||| Stepping ~*~*~tactically~*~*~ (stealth).
 17346 | Lair:5   | 17346 ||| INVOKING Berserk.
 17383 | Lair:5   | 17383 ||| Stepping ~*~*~tactically~*~*~ (stealth).
 17459 | Lair:5   | 17459 ||| Stepping ~*~*~tactically~*~*~ (stealth).
 17511 | Lair:5   | 17511 ||| INVOKING Berserk.
 17916 | Lair:5   | 17916 ||| Stepping ~*~*~tactically~*~*~ (stealth).
 17989 | Lair:5   | 17989 ||| Stepping ~*~*~tactically~*~*~ (stealth).
 18024 | Lair:5   | Reached skill level 9 in Dodging
 18025 | Lair:5   | 18025 ||| Stepping ~*~*~tactically~*~*~ (stealth).
 18044 | Lair:5   | 18044 ||| Stepping ~*~*~tactically~*~*~ (stealth).
 18048 | Lair:5   | 18048 ||| Stepping ~*~*~tactically~*~*~ (stealth).
 18364 | Lair:5   | 18364 ||| Stepping ~*~*~tactically~*~*~ (stealth).
 18473 | Lair:5   | 18473 ||| Stepping ~*~*~tactically~*~*~ (stealth).
 18476 | Lair:5   | 18476 ||| Stepping ~*~*~tactically~*~*~ (stealth).
 18478 | Lair:5   | Reached ***** piety under Trog
 18573 | Lair:5   | 18573 ||| Stepping ~*~*~tactically~*~*~ (stealth).
 18632 | Lair:5   | 18632 ||| Stepping ~*~*~tactically~*~*~ (stealth).
 18636 | Lair:5   | 18636 ||| Stepping ~*~*~tactically~*~*~ (stealth).
 18640 | Lair:5   | 18640 ||| Stepping ~*~*~tactically~*~*~ (stealth).
 18670 | Lair:5   | 18670 ||| INVOKING Berserk.
 18677 | Lair:5   | Reached skill level 15 in Fighting
 18996 | Lair:5   | 18996 ||| Stepping ~*~*~tactically~*~*~ (stealth).
 19002 | Lair:5   | 19002 ||| Stepping ~*~*~tactically~*~*~ (stealth).
 19253 | Lair:5   | 19253 ||| Stepping ~*~*~tactically~*~*~ (stealth).
 19391 | Lair:5   | 19391 ||| PLANNING D:1-11
 19532 | D:10     | Entered Level 10 of the Dungeon
 19547 | D:10     | Identified the +7 quarterstaff of Defiance {freeze, rF+
                  | Will++ Str+6}
 19702 | D:10     | Found Wedgheci's Assorted Antiques.
 19708 | D:10     | 19708 ||| BUYING 2 potions of curing (150 gold).
 19708 | D:10     | Bought 2 potions of curing for 150 gold pieces
 19708 | D:10     | 19708 ||| BUYING potion of might (100 gold).
 19708 | D:10     | Bought a potion of might for 100 gold pieces
 20186 | D:10     | 20186 ||| Stepping ~*~*~tactically~*~*~ (hiding).
 20194 | D:10     | Received a gift from Trog
 20235 | D:10     | 20235 ||| DROPPING -2 demon whip of venom.
 20254 | D:10     | 20254 ||| INVOKING Brothers in Arms.
 20255 | D:10     | 20255 ||| Stepping ~*~*~tactically~*~*~ (stealth).
 20257 | D:10     | 20257 ||| INVOKING Brothers in Arms.
 20261 | D:10     | 20261 ||| INVOKING Berserk.
 20269 | D:10     | Reached skill level 3 in Throwing
 20452 | D:10     | 20452 ||| UPGRADING to ring of see invisible.
 20551 | D:11     | 20551 ||| INVOKING Brothers in Arms.
 20553 | D:11     | 20553 ||| SWAPPING to +5 hand axe of flaming.
 20555 | D:11     | 20555 ||| INVOKING Berserk.
 20559 | D:11     | 20559 ||| SWAPPING to +4 war axe.
 20943 | D:11     | 20943 ||| FLEEEEING.
 20944 | D:11     | 20944 ||| FLEEEEING.
 21108 | D:11     | Found a snail-covered altar of Cheibriados.
 21237 | D:11     | 21237 ||| Stepping ~*~*~tactically~*~*~ (stealth).
 21269 | D:11     | Reached skill level 15 in Shields
 21325 | D:11     | 21325 ||| PLANNING D
 21352 | D:12     | 21352 ||| STAIRDANCE
 21364 | D:12     | 21364 ||| STAIRDANCE
 21371 | D:12     | 21371 ||| STAIRDANCE
 21440 | D:12     | 21440 ||| STAIRDANCE
 21525 | D:12     | 21525 ||| INVOKING Brothers in Arms.
 21526 | D:12     | 21526 ||| SWAPPING to +5 hand axe of flaming.
 21527 | D:12     | 21527 ||| INVOKING Berserk.
 21543 | D:12     | Noticed Fannar
 21544 | D:12     | 21544 ||| Stepping ~*~*~tactically~*~*~ (stealth).
 21545 | D:12     | 21545 ||| SWAPPING to +4 war axe.
 21556 | D:12     | 21556 ||| Stepping ~*~*~tactically~*~*~ (stealth).
 21599 | D:12     | Killed Fannar
 21794 | D:12     | Found a runed translucent gate.
 21794 | D:12     | Found a runed translucent gate.
 21794 | D:12     | Found a runed translucent gate.
 21874 | D:12     | Noticed Frances
 21875 | D:12     | 21875 ||| Stepping ~*~*~tactically~*~*~ (hiding).
 21882 | D:12     | 21882 ||| INVOKING Berserk.
 21896 | D:12     | Killed Frances
 22032 | D:12     | Noticed Josephine
 22033 | D:12     | 22033 ||| Stepping ~*~*~tactically~*~*~ (stealth).
 22034 | D:12     | 22034 ||| Stepping ~*~*~tactically~*~*~ (stealth).
 22040 | D:12     | 22040 ||| Stepping ~*~*~tactically~*~*~ (hiding).
 22041 | D:12     | 22041 ||| Stepping ~*~*~tactically~*~*~ (hiding).
 22048 | D:12     | Killed Josephine
 22049 | D:12     | Reached XP level 15. HP: 135/141 MP: 14/14
 22135 | D:12     | Noticed Aletuw's ghost (journeyman DsVM)
 22291 | D:12     | 22291 ||| READING scroll of enchant armour.
 22291 | D:12     | 22291 ||| ENCHANTING +0 plate armour.
 22326 | D:12     | 22326 ||| Stepping ~*~*~tactically~*~*~ (stealth).
 22328 | D:12     | 22328 ||| Stepping ~*~*~tactically~*~*~ (stealth).
 22331 | D:12     | 22331 ||| Stepping ~*~*~tactically~*~*~ (stealth).
 22336 | D:12     | 22336 ||| Stepping ~*~*~tactically~*~*~ (stealth).
 22352 | D:12     | 22352 ||| Stepping ~*~*~tactically~*~*~ (stealth).
 22490 | D:13     | 22490 ||| Stepping ~*~*~tactically~*~*~ (hiding).
 22491 | D:13     | 22491 ||| Stepping ~*~*~tactically~*~*~ (hiding).
 22493 | D:13     | 22493 ||| Stepping ~*~*~tactically~*~*~ (hiding).
 22510 | D:13     | 22510 ||| SWAPPING to +5 hand axe of flaming.
 22518 | D:13     | 22518 ||| SWAPPING to +4 war axe.
 22647 | D:13     | Identified the +7 spear of Makhleb's Inspiration {flame,
                  | rPois Int-4 Dex+6 Stlth+}
 22836 | D:13     | 22836 ||| Stepping ~*~*~tactically~*~*~ (hiding).
 22922 | D:13     | 22922 ||| READING scroll of enchant weapon.
 22922 | D:13     | 22922 ||| ENCHANTING +4 war axe.
 22930 | D:13     | 22930 ||| Stepping ~*~*~tactically~*~*~ (hiding).
 23031 | D:13     | 23031 ||| SWAPPING to +5 hand axe of flaming.
 23036 | D:13     | 23036 ||| SWAPPING to +5 war axe.
 23502 | D:14     | 23502 ||| READING scroll of teleportation.
 23503 | D:14     | 23503 ||| STAIRDANCE
 23525 | D:14     | 23525 ||| STAIRDANCE
 23535 | D:14     | 23535 ||| INVOKING Trog's Hand.
 23536 | D:14     | 23536 ||| STAIRDANCE
 23542 | D:13     | 23542 ||| Stepping ~*~*~tactically~*~*~ (cloud).
 23547 | D:14     | 23547 ||| STAIRDANCE
 23557 | D:14     | 23557 ||| STAIRDANCE
 23567 | D:14     | Found the +10 zealot's sword {holy, *Rage rN+ EV+3}
 23680 | D:14     | 23680 ||| Stepping randomly (stuck).
 23681 | D:14     | 23681 ||| Stepping randomly (stuck).
 23707 | D:14     | 23707 ||| FLEEEEING.
 23709 | D:14     | 23709 ||| STAIRDANCE
 23821 | D:14     | Identified the +7 scale mail of a Million Wishes {Str+4}
 23912 | D:14     | 23912 ||| Stepping ~*~*~tactically~*~*~ (hiding).
 23936 | D:14     | 23936 ||| INVOKING Berserk.
 23952 | D:14     | 23952 ||| INVOKING Brothers in Arms.
 24075 | D:14     | 24075 ||| Stepping ~*~*~tactically~*~*~ (stealth).
 24333 | D:14     | Reached skill level 15 in Armour
 24543 | D:14     | 24543 ||| Stepping ~*~*~tactically~*~*~ (hiding).
 24548 | D:14     | 24548 ||| INVOKING Trog's Hand.
 24929 | D:14     | Found a gate to the Vaults.
 25034 | D:14     | 25034 ||| UPGRADING to +7 scale mail of a Million Wishes
                  | {Str+4}.
 25044 | D:14     | 25044 ||| DROPPING +1 plate armour.
 25045 | D:14     | 25045 ||| READING scroll labelled ZONGANW IW FIPS.
 25046 | D:14     | 25046 ||| DROPPING +5 hand axe of flaming.
 25096 | D:15     | Entered Level 15 of the Dungeon
 25096 | D:15     | Noticed Jorgrun
 25097 | D:15     | 25097 ||| INVOKING Brothers in Arms.
 25098 | D:15     | 25098 ||| INVOKING Berserk.
 25102 | D:15     | Killed Jorgrun
 25213 | D:15     | 25213 ||| Stepping ~*~*~tactically~*~*~ (stealth).
 25215 | D:15     | 25215 ||| Stepping ~*~*~tactically~*~*~ (hiding).
 25449 | D:15     | 25449 ||| Stepping ~*~*~tactically~*~*~ (hiding).
 25454 | D:15     | 25454 ||| Stepping ~*~*~tactically~*~*~ (hiding).
 25577 | D:15     | 25577 ||| INVOKING Berserk.
 25714 | D:15     | Found a shadowy altar of Dithmenos.
 25719 | D:15     | Identified the +1 ring mail of Mumblety Peg {Harm +Blink
                  | +Inv Str-2}
 25822 | D:15     | 25822 ||| Stepping ~*~*~tactically~*~*~ (cloud).
 25827 | D:15     | 25827 ||| Stepping ~*~*~tactically~*~*~ (cloud).
 26092 | D:15     | 26092 ||| Stepping ~*~*~tactically~*~*~ (hiding).
 26093 | D:15     | Found a staircase to the Depths.
 26094 | D:15     | 26094 ||| INVOKING Trog's Hand.
 26291 | D:15     | 26291 ||| Stepping ~*~*~tactically~*~*~ (hiding).
 26571 | D:15     | 26571 ||| PLANNING ORC
 26751 | Orc:1    | Entered Level 1 of the Orcish Mines
 26801 | Orc:2    | Entered Level 2 of the Orcish Mines
 26802 | Orc:2    | 26802 ||| STAIRDANCE
 26804 | Orc:1    | 26804 ||| INVOKING Berserk.
 26807 | Orc:1    | Reached skill level 12 in Dodging
 26920 | Orc:2    | 26920 ||| STAIRDANCE
 26922 | Orc:1    | 26922 ||| INVOKING Berserk.
 27035 | Orc:2    | 27035 ||| STAIRDANCE
 27059 | Orc:2    | 27059 ||| STAIRDANCE
 27129 | Orc:2    | 27129 ||| STAIRDANCE
 27135 | Orc:2    | 27135 ||| STAIRDANCE
 27158 | Orc:2    | 27158 ||| STAIRDANCE
 27181 | Orc:2    | 27181 ||| STAIRDANCE
 27208 | Orc:2    | 27208 ||| INVOKING Berserk.
 27233 | Orc:2    | Received a gift from Trog
 27240 | Orc:2    | 27240 ||| INVOKING Brothers in Arms.
 27247 | Orc:2    | HP: 21/147 [orc knight/+0 glaive (28)]
 27248 | Orc:2    | 27248 ||| DRINKING 7 potions of heal wounds.
 27540 | Orc:2    | 27540 ||| SWAPPING to +0 broad axe.
 27541 | Orc:2    | 27541 ||| DROPPING +2 war axe of flaming.
 27624 | Orc:2    | 27624 ||| FLEEEEING.
 27625 | Orc:2    | 27625 ||| FLEEEEING.
 27626 | Orc:2    | 27626 ||| FLEEEEING.
 27627 | Orc:2    | 27627 ||| FLEEEEING.
 27644 | Orc:2    | 27644 ||| FLEEEEING.
 27645 | Orc:2    | 27645 ||| FLEEEEING.
 28256 | Orc:2    | 28256 ||| Stepping ~*~*~tactically~*~*~ (hiding).
 28374 | Orc:2    | 28374 ||| Stepping ~*~*~tactically~*~*~ (hiding).
 28375 | Orc:2    | 28375 ||| Stepping ~*~*~tactically~*~*~ (hiding).
 28379 | Orc:2    | 28379 ||| INVOKING Trog's Hand.
 28381 | Orc:2    | 28381 ||| INVOKING Berserk.
 28561 | Orc:2    | Found Nuabrog's Jewellery Shop.
 28561 | Orc:2    | Found Umnoteba's Distillery.
 28563 | Orc:2    | Found Ifiownoh's Assorted Antiques.
 28565 | Orc:2    | Found Kypp's Antique Weapon Boutique.
 28569 | Orc:2    | 28569 ||| BUYING +4 ring of evasion (576 gold).
 28569 | Orc:2    | Bought a +4 ring of evasion for 576 gold pieces
 28569 | Orc:2    | 28569 ||| BUYING ring of protection from fire (400 gold).
 28569 | Orc:2    | Bought a ring of protection from fire for 400 gold pieces
 28570 | Orc:2    | 28570 ||| BUYING potion of curing (45 gold).
 28570 | Orc:2    | Bought a potion of curing for 45 gold pieces
 28570 | Orc:2    | 28570 ||| BUYING potion of curing (45 gold).
 28570 | Orc:2    | Bought a potion of curing for 45 gold pieces
 28570 | Orc:2    | 28570 ||| BUYING potion of heal wounds (75 gold).
 28570 | Orc:2    | Bought a potion of heal wounds for 75 gold pieces
 28570 | Orc:2    | 28570 ||| BUYING potion of heal wounds (75 gold).
 28570 | Orc:2    | Bought a potion of heal wounds for 75 gold pieces
 28570 | Orc:2    | 28570 ||| BUYING potion of mutation (120 gold).
 28570 | Orc:2    | Bought a potion of mutation for 120 gold pieces
 28572 | Orc:2    | 28572 ||| BUYING potion of haste (240 gold).
 28572 | Orc:2    | Bought a potion of haste for 240 gold pieces
 28572 | Orc:2    | 28572 ||| BUYING scroll of enchant armour (180 gold).
 28572 | Orc:2    | Bought a scroll of enchant armour for 180 gold pieces
 28631 | Orc:2    | Found a staircase to the Elven Halls.
 28700 | Orc:2    | 28700 ||| DROPPING ring of ice.
 28701 | Orc:2    | 28701 ||| DROPPING ring of willpower.
 28760 | Orc:1    | Reached XP level 16. HP: 141/155 MP: 15/15
 28931 | Orc:1    | 28931 ||| DRINKING 11 potions of curing.
 28931 | Orc:1    | 28931 ||| (to cure confusion)
 29125 | Orc:1    | 29125 ||| INVOKING Trog's Hand.
 29132 | Orc:1    | 29132 ||| INVOKING Berserk.
 29354 | Orc:1    | Noticed Gastronok
 29355 | Orc:1    | 29355 ||| Stepping ~*~*~tactically~*~*~ (hiding).
 29372 | Orc:1    | Killed Gastronok
 29472 | Orc:1    | 29472 ||| PLANNING SHOALS:1-3
 29617 | Shoals:1 | Entered Level 1 of the Shoals
 29712 | Shoals:1 | Reached skill level 17 in Axes
 29792 | Shoals:1 | 29792 ||| INVOKING Trog's Hand.
 29795 | Shoals:1 | 29795 ||| INVOKING Berserk.
 30069 | Shoals:1 | 30069 ||| READING scroll of brand weapon.
 30069 | Shoals:1 | 30069 ||| BRANDING +0 broad axe.
 30076 | Shoals:1 | 30076 ||| Stepping ~*~*~tactically~*~*~ (hiding).
 30111 | Shoals:1 | 30111 ||| INVOKING Berserk.
 30134 | Shoals:1 | 30134 ||| Stepping ~*~*~tactically~*~*~ (stealth).
 30266 | Shoals:1 | 30266 ||| INVOKING Trog's Hand.
 30287 | Shoals:1 | 30287 ||| INVOKING Trog's Hand.
 30357 | Shoals:1 | 30357 ||| INVOKING Berserk.
 30744 | Shoals:1 | Reached skill level 18 in Axes
 30907 | Shoals:1 | You fall into a shaft and drop 1 floor!
 30908 | Shoals:2 | Noticed Ilsuiw
 30911 | Shoals:2 | 30911 ||| INVOKING Berserk.
 30926 | Shoals:2 | Noticed Polyphemus
 30928 | Shoals:2 | Killed Ilsuiw
 30947 | Shoals:2 | HP: 38/155 [catoblepas[Polyphemus] (6)]
 30949 | Shoals:2 | HP: 17/155 [catoblepas[Polyphemus] (9)]
 30949 | Shoals:2 | HP: 4/155 [Polyphemus (13)]
 30949 | Shoals:2 | Slain by a merfolk

Levels and vault maps discovered:
D:1:      erik_arrival_cave_to_civilisation [erik_arrival_cave_to_hall],
          layout_loops_ring
D:2:      layout_loops_cross, hellmonk_ecumenical_altar_slurped_away
D:3:      layout_loops_ring, dreamdust_mushroom_princess,
          hangedman_decor_riveting
D:4:      layout_rooms, minmay_temple_entry_proselytizer, serial_shops,
          nicolae_diamond_shop, corexii_checkpoint_a
D:5:      layout_cave_pods, mainiacjoe_overflow_tiny_flanked
D:6:      layout_rooms
D:7:      layout_basic, chequers_temple_overflow_statue_of_worship
D:8:      layout_basic, general_overflow_altar, nicolae_ossuary_entry_giza,
          serial_glass, glass_columns_c, glass_columns_a, glass_columns_a,
          glass_columns_a, nicolae_straight_to_the_point
D:9:      layout_small_grid, david_lair_generic, uniq_grum, uniq_prince_ribbit1
D:10:     minmay_polygon_palace, layout_basic, serial_shops, shop_fountains
D:11:     layout_irregular_city, slow_altar_1
D:12:     layout_roguey, gammafunk_ghost_icy, uniq_josephine, uniq_frances,
          uniq_fannar
D:13:     layout_cross, minmay_misc_feat_square
D:14:     minmay_ambush_box, layout_small_grid, david_vaults_4,
          minmay_misc_feat_tower
D:15:     hangedman_depths_entry_try_elsewhere_first, layout_basic,
          chequers_big_river, grunt_dithmenos_shadows, uniq_jorgrun
Lair:1:   layout_chaotic_city, amcnicky_altar_lugonu_corruption, uniq_amaemon
Lair:2:   layout_cave_pods, serial_rivers, chequers_serial_rivers_large_a,
          chequers_serial_rivers_room_b, chequers_serial_rivers_marsh,
          chequers_serial_rivers_micro_a, chequers_serial_rivers_room_b,
          gauntlet_entry_generic, beast_lair_carwin_8, uniq_nergalle
Lair:3:   layout_loops_ring, minmay_shoals_entry_beasts,
          guppyfry_snake_entry_island, wad_woods_road_06, beast_lair_carwin_3
Lair:4:   layout_misc_corridors
Lair:5:   hangedman_lair_tendril_chambers, layout_cave_pods,
          minmay_slime_entry_oklob_open, minivault_25, lemuel_fruit_tree
Shoals:1: layout_shoals
Shoals:2: layout_shoals, serial_shops, nicolae_square_shop, uniq_ilsuiw,
          uniq_polyphemus
Orc:1:    layout_caves, uniq_gastronok
Orc:2:    st_orc_rangers, layout_caves

Skill      XL: |  1  2  3  4  5  6  7  8  9 10 11 12 13 14 15 16 |
---------------+-------------------------------------------------+-----
Axes           | 4 5 6 8 10 11 12 14 16 18 | 18.0
Fighting       | 4 5 6 7 8 10 13 15 17 | 17.0
Armour         | 3 5 8 9 12 14 15 | 15.0
Throwing       | 1 3 4 5 |  5.2
Dodging        | 3 4 8 10 12 | 12.1
Shields        | 8 9 10 14 15 16 | 16.0

Action                   |  1- 3 |  4- 6 |  7- 9 | 10-12 | 13-15 | 16-18 || total
-------------------------+-------+-------+-------+-------+-------+-------++-------
Melee: Hand axe          |    79 |    75 |       |       |    13 |       ||   167
       Headbutt          |    12 |     9 |    35 |    77 |   330 |    63 ||   526
       War axe           |       |     9 |   218 |   262 |  1097 |       ||  1586
       Punch             |       |     1 |     3 |       |       |       ||     4
       Demon whip        |       |       |       |    15 |     3 |       ||    18
       Broad axe         |       |       |       |       |    51 |   214 ||   265
Throw: Boomerang         |    11 |    62 |    28 |    47 |    99 |     8 ||   255
Invok: Berserk           |     1 |     3 |     8 |    12 |    26 |     5 ||    55
       Brothers in Arms  |       |       |       |     2 |     7 |       ||     9
       Trog's Hand       |       |       |       |       |     4 |     4 ||     8
  Use: Scroll            |     4 |     5 |    13 |     3 |    14 |     1 ||    40
       Potion            |       |     2 |     3 |     2 |     1 |     1 ||     9
 Stab: Petrified         |       |       |       |       |       |     2 ||     2
       Petrifying        |       |       |       |       |       |     1 ||     1
Armor: Animal skin       |     5 |       |       |       |       |       ||     5
       Leather armour    |     4 |     3 |       |       |       |       ||     7
       Scale mail        |       |     9 |       |       |   112 |   119 ||   240
       Chain mail        |       |    20 |    62 |       |       |       ||    82
       Plate armour      |       |       |    58 |   167 |   387 |       ||   612
Dodge: Dodged            |    35 |    28 |    77 |    61 |   666 |   152 ||  1019
Block: Kite shield       |       |       |    34 |   139 |  1066 |   163 ||  1402

Table legend:
 A = Non-vault XP
 B = Vault XP
 C = Vault XP percentage of total XP
 D = Non-vault monster count
 E = Vault monster count
 F = Vault count percentage of total count
                 A         B        C        D         E       F
            +---------+---------+-------+---------+---------+-------
      Total |  113747 |   47063 |  29.3 |     530 |     157 |  22.9
            +---------+---------+-------+---------+---------+-------
        D:1 |      49 |       6 |  10.9 |      29 |       2 |   6.5
        D:2 |      57 |       2 |   3.4 |      24 |       1 |   4.0
        D:3 |      21 |       0 |   0.0 |      10 |       0 |   0.0
        D:4 |     109 |      45 |  29.2 |      10 |       3 |  23.1
        D:5 |     641 |       0 |   0.0 |      22 |       0 |   0.0
        D:6 |    1790 |       0 |   0.0 |      13 |       0 |   0.0
        D:7 |     962 |       0 |   0.0 |      24 |       0 |   0.0
        D:8 |    1104 |      20 |   1.8 |      23 |       3 |  11.5
        D:9 |    1951 |    1626 |  45.5 |      25 |      10 |  28.6
       D:10 |    1271 |    3776 |  74.8 |      12 |      17 |  58.6
       D:11 |    5266 |      18 |   0.3 |      16 |       1 |   5.9
       D:12 |    4003 |    3921 |  49.5 |      18 |       6 |  25.0
       D:13 |    9332 |    2623 |  21.9 |      29 |       4 |  12.1
       D:14 |    9236 |    3832 |  29.3 |      19 |       8 |  29.6
       D:15 |    7708 |    4764 |  38.2 |      24 |       6 |  20.0
     Lair:1 |    3664 |    1167 |  24.2 |      12 |       2 |  14.3
     Lair:2 |    7053 |    2528 |  26.4 |      19 |       9 |  32.1
     Lair:3 |    6395 |    2293 |  26.4 |      14 |       7 |  33.3
     Lair:4 |   11537 |       0 |   0.0 |      34 |       0 |   0.0
     Lair:5 |   17116 |   10183 |  37.3 |      54 |      36 |  40.0
   Shoals:1 |   16352 |       0 |   0.0 |      32 |       0 |   0.0
   Shoals:2 |    1020 |    3069 |  75.1 |       2 |       3 |  60.0
      Orc:1 |    5702 |    1965 |  25.6 |      48 |       6 |  11.1
      Orc:2 |    1408 |    5225 |  78.8 |      17 |      33 |  66.0
            +---------+---------+-------+---------+---------+-------
